← All builds
Suicide front / Armada / Factory first / OBSERVED BUILD

Standard suicide front

Armada Suicide front build order · Supreme Isthmus

The role's baseline: Bot Lab at 0:21 then straight into reclaim-fed T1 bot production to contest the middle and hold until T2 arrives, with an Advanced Metal Extractor around 9:45.

#rush · 2013 distinct matches · 230 players · 72% of Armada Suicide front games · team won 59% of 2387 · Recently observed

HOW TO PLAY IT

Key timing: Bot Lab by 0:20

  1. Open with mex and lab-first to get Bot Lab up by 0:20.
  2. Expand mex and wind while lab pumps units toward middle.
  3. Push Sentry and early Rocketeer, Centurion to contest middle.
  4. Get T2 constructor out once Pond's boost lets you spare metal.
  5. Upgrade mex to Advanced Metal Extractor as you transition off T1 spam.

Phase by phase

TYPICAL OF ITS 2013 GAMES
  1. 1
  2. 2
  3. 3
PLAY THE OPENING

Follow the example game's first 6:00 step by step: what to build now, what comes next, and where it goes. At 1× it keeps pace with your own game.

  1. 1

    Bot Lab first

    Order
    1. Bot LabBot Lab done ~0:21, middle half 0:20–0:33

    Some games also: mex (44%)

  2. 2

    Bot Lab to 5:00

    Economy
    • Metal Extractor5Mex
    • Wind Turbine4Wind
    Builders
    • Construction Bot3 Con bot
    • Lazarus2 Lazarus
    Army
    • Sentry4 Sentry
    • Rocketeer16 Rocketeer
    • Tick2 Tick
    • Centurion1 Centurion
    Other
    • Radar Tower1 Radar Tower

    Some games also: pawn (38%) · con turret (34%)

    By 5:00 in all: 5 mex · 4 wind

    The example game in this phase · 33 steps
    1. Construction BotCon bot
    2. Mex
    3. SentrySentry
    4. Construction BotCon bot
    5. Mex ×2
    6. LazarusLazarus
    7. Wind
    8. CenturionCenturion
    9. SentrySentry
    10. Wind
    11. RocketeerRocketeer
    12. Mex
    13. Dragon's TeethDragon's Teeth
    14. RocketeerRocketeer
    15. Dragon's TeethDragon's Teeth
    16. SentrySentry
    17. Wind
    18. RocketeerRocketeer ×2
    19. Radar TowerRadar Tower
    20. Wind
    21. RocketeerRocketeer ×2
    22. Wind
    23. RocketeerRocketeer ×2
    24. SentrySentry
    25. Wind
    26. RocketeerRocketeer ×2
    27. Wind
    28. LazarusLazarus
    29. Construction BotCon bot
    30. Wind
    31. Construction BotCon bot
    32. LazarusLazarus
    33. CenturionCenturion
  3. 3

    5:00 to 10:00

    Economy
    • Metal Extractor1Mex
    • Wind Turbine15Wind
    Builders
    • Construction Turret2 Con turret
    • Lazarus2 Lazarus
    • Construction Bot1 Con bot
    Army
    • Sentry1 Sentry
    • Rocketeer8 Rocketeer

    Some games also: pawn (49%) · Radar Tower (46%) · tick (45%) · centurion (44%) · energy storage (43%) · eat Bot Lab (31%)

    By 10:00 in all: 6 mex · 21 wind · 1 energy storage · 2 con turret

    The example game in this phase · 113 steps
    1. BeamerBeamer
    2. RocketeerRocketeer
    3. Con turret
    4. RocketeerRocketeer
    5. CenturionCenturion
    6. RocketeerRocketeer ×2
    7. Energy storage
    8. RocketeerRocketeer
    9. BeamerBeamer
    10. Mexfor Front
    11. RocketeerRocketeer ×3
    12. BeamerBeamer
    13. RocketeerRocketeer ×2
    14. Sneaky PeteSneaky Pete
    15. RocketeerRocketeer
    16. Wind
    17. LazarusLazarus
    18. Wind
    19. Construction BotCon bot
    20. BeamerBeamerfor Geo
    21. Construction BotCon bot
    22. Wind
    23. Advanced Metal ExtractorT2 mexdone 8:23 · typical 9:46
    24. Con turret
    25. LazarusLazarus
    26. Con turret
    27. CenturionCenturion
    28. Sneaky PeteSneaky Pete
    29. RocketeerRocketeer
    30. Advanced Metal ExtractorT2 mex
    31. BeamerBeamer
    32. LazarusLazarus
    33. TickTick
    34. BeamerBeamer
    35. TickTick ×5
    36. RattlesnakeRattlesnakedone 10:01
    37. TickTick
    38. Wind
    39. LazarusLazarus
    40. Wind ×2
    41. TickTick ×2
    42. Wind
    43. TickTick ×2
    44. Wind
    45. TickTick
    46. Wind
    47. TickTick ×2
    48. Wind
    49. LazarusLazarus
    50. Advanced Metal ExtractorT2 mex
    51. Wind
    52. Bot LabBot Labdone 11:06
    53. TickTick ×3
    54. Construction BotCon bot
    55. TickTick
    56. Con turret
    57. TickTick ×3
    58. Con turret
    59. LazarusLazarus
    60. Construction BotCon bot
    61. Con turret
    62. Advanced Metal ExtractorT2 mex
    63. Construction BotCon bot
    64. Con turret
    65. TickTick ×2
    66. Advanced Metal ExtractorT2 mex
    67. TickTick ×3
    68. Wind
    69. TickTick ×3
    70. LazarusLazarus ×2
    71. Wind
    72. LazarusLazarus ×4
    73. TickTick
    74. BeamerBeamer
    75. Wind
    76. TickTick ×4
    77. LazarusLazarus
    78. TickTick ×3
    79. Wind
    80. TickTick ×7
    81. BeamerBeamer
    82. TickTick ×5
    83. LazarusLazarus
    84. TickTick ×5
    85. Wind
    86. TickTick ×6
    87. BeamerBeamer
    88. TickTick ×4
    89. LazarusLazarus
    90. TickTick
    91. Advanced Metal ExtractorT2 mex
    92. TickTick ×2
    93. Wind
    94. TickTick ×13
    95. LazarusLazarus
    96. TickTick ×2
    97. Wind
    98. TickTick ×5
    99. Con turret
    100. TickTick ×8
    101. LazarusLazarus ×3
    102. Wind
    103. LazarusLazarus
    104. Bot LabBot Labdone 14:35
    105. LazarusLazarus ×3
    106. TickTick ×2
    107. Bot LabBot Labnot finished by 15:00
    108. Wind
    109. TickTick ×3
    110. FerretFerret
    111. TickTick ×3
    112. Wind
    113. TickTick ×5

Counts are medians over the build's games: half of them build more, half fewer. The example game is MKnetxTTV's (31 OS, 30/08/2026); pick another.

Team trades

IN AT LEAST 30% OF ITS GAMES

You hand over

Nothing regular.

You get

  • Tidal Generator4 Tidal from Pondfirst at 0:10 · in 68% of games
  • Advanced Construction Bot1 T2 con bot from Geo or Techfirst at 7:41 · in 57% of games

How it plays out

Typical game of this build, running totals by minute

Metal produced

010k20k
0:005:0010:0015:00

metal

Enemy metal destroyed

05k10k
0:005:0010:0015:00

metal

Own metal lost

05k10k
0:005:0010:0015:00

metal

2387 games.

Show as table
ByMetal produced: This buildEnemy metal destroyed: This buildOwn metal lost: This build
1:0023000
2:0088700
3:002009184130
4:003110645501
5:00418413561000
6:00534721831708
7:00653930512597
8:00776039383503
9:00904646934376
10:001041853145163
11:001189458575965
12:001360664066686
13:001541268767439
14:001730675038212
15:001929281098997
WHAT THE NUMBERS SAY

Standard Suicide front play wins a bit over half its games while taking the heaviest own losses of any role by 15:00.

  • + Produces 20142 metal by 15:00, highest of the front roles.
  • + First kill by 2:01 in all games, fastest contest of middle.
  • − Own metal lost hits 9178 by 15:00, more than enemy metal destroyed.
  • − Only 34% Rocketeer share shows army spread thin across many bot types.
THE EXAMPLE YOU ARE READING

MKnetxTTV

31.1 OS · 30/08/2026

Open source match ↗

9 received units · includes a constructor
33 metal received · 28865 energy received

Allied construction assistance is unknown. Timings are observations, not a promise of solo reproducibility.

Typical milestones

Bot Lab0:21Middle 50%: 0:20–0:33 · n=2379
Advanced Metal Extractor9:46Middle 50%: 8:50–10:58 · n=1726

Played most by

_X_262games of this buildPlatinumBlonde188games of this buildXad166games of this buildTrapCaT107games of this buildImmort80games of this build